Predators vs BlackHawks

Created - April 6, 2017 at 17:30

Goals
1 2 3 T
Predators 4 1 0 5
BlackHawks 1 2 1 4
Shots
1 2 3 T
Predators 12 12 9 33
BlackHawks 12 15 17 44

1st period

1. Predators , Beau Bennett 10 (T.J. Oshie, Zach Bogosian) at 3:16
2. Predators , T.J. Oshie 33 (Connor Murphy) at 4:48
3. Predators , T.J. Oshie 34 (Nicklas Backstrom) at 9:52
4. BlackHawks , Antoine Roussel 11 (Kevan Miller) at 14:14
5. Predators , Jaden Schwartz 13 (Steven Stamkos, Zach Bogosian) at 14:44

Penalties :
Adam McQuaid (CHI) for Hooking (Minor) at 5:07, Luke Schenn (CHI) for Hooking (Minor) at 7:52, Patrik Elias (NSH) for Goalie Interference (Minor) at 15:25, J.T. Miller (NSH) for Boarding (Minor) at 18:10

2nd period

6. Predators , Jaden Schwartz 14 (Vincent Trocheck, Steven Stamkos) at 8:57
7. BlackHawks , Gabriel Landeskog 37 (Jack Eichel, Dmitry Kulikov) at 10:14
8. BlackHawks , Artemi Panarin 34 (Dion Phaneuf, Alex Galchenyuk) at 13:47 (PP)

Penalties :
Vincent Trocheck (NSH) for Tripping (Minor) at 4:44, Beau Bennett (NSH) for High sticking (Minor) at 13:35

3rd period

9. BlackHawks , Kevan Miller 4 (Luke Schenn, Michael McCarron) at 18:47

Penalties :
Scottie Upshall (CHI) for Hooking (Minor) at 0:47, Beau Bennett (NSH) for High sticking (Minor) at 11:30, Dion Phaneuf (CHI) for Slashing (Minor) at 15:32

Goalie Stats

Carter Hutton (NSH), 40 saves from 44 shots - (0.909), W, 3-4-1, 60:00 minutes
Jonas Hiller (CHI), 28 saves from 33 shots - (0.848), L, 12-10-2, 58:51 minutes

Players Stats for Predators

Player Name              G  A  P  +/- PIM S  H  SB GA TA FO     MP     PP MP  PK MP  
------------------------------------------------------------------------------------
Beau Bennett             1  0  1   2  4   2  2  0  0  0  0/0    12:13   0:00   0:42 
Connor Murphy            0  1  1   1  0   0  2  0  0  0  0/0    21:03   0:00   3:45 
J.T. Miller              0  0  0   2  2   1  0  0  0  0  11/21  11:32   0:00   0:00 
Jacob Josefson           0  0  0  -1  0   1  1  0  0  0  6/12   10:37   0:00   0:30 
Jaden Schwartz           2  0  2   1  0   2  0  0  0  0  0/0    22:46   3:55   5:31 
John Moore               0  0  0   2  0   1  0  0  0  0  0/0    13:12   3:55   0:00 
Jordie Benn              0  0  0   0  0   0  0  0  0  0  0/0     4:39   0:00   3:45 
Kevin Hayes              0  0  0  -1  0   2  0  0  0  0  0/0    19:03   0:00   0:00 
Klas Dahlbeck            0  0  0   2  0   0  2  0  0  0  0/0    13:40   0:00   4:23 
Max Pacioretty           0  0  0   0  0   4  1  0  0  0  0/0    12:57   4:01   0:00 
Nicklas Backstrom        0  1  1   0  0   1  2  0  0  0  17/26  12:51   3:55   0:00 
Oscar Klefbom            0  0  0  -1  0   0  0  2  0  0  0/0    21:22   4:01   0:00 
Patrik Elias             0  0  0  -1  2   3  0  0  0  0  0/1    10:06   0:00   0:00 
Roman Josi               0  0  0  -1  0   1  2  4  0  0  0/0    21:16   3:55   0:00 
Steven Stamkos           0  2  2   1  0   4  0  1  0  0  0/0    18:57   4:01   2:30 
T.J. Oshie               2  1  3   2  0   6  3  1  0  0  5/13   21:30   3:55   5:08 
Vincent Trocheck         0  1  1   1  2   4  2  0  0  0  13/23  19:15   4:01   1:55 
Zach Bogosian            0  2  2   1  0   1  0  2  0  0  0/0    24:48   4:01   4:23 

Players Stats for BlackHawks

Player Name              G  A  P  +/- PIM S  H  SB GA TA FO     MP     PP MP  PK MP  
------------------------------------------------------------------------------------
Aaron Ekblad             0  0  0  -3  0   1  0  0  0  0  0/0    23:55   4:12   1:59 
Adam McQuaid             0  0  0  -1  2   1  2  0  0  0  0/0    17:48   0:00   3:26 
Alex Galchenyuk          0  1  1  -2  0   4  0  0  0  0  11/27  20:07   4:27   0:50 
Antoine Roussel          1  0  1   1  0   3  0  0  0  0  1/2     8:04   0:00   3:38 
Artemi Panarin           1  0  1  -2  0   4  0  0  0  0  1/1    20:11   4:27   0:00 
Dion Phaneuf             0  1  1  -3  2   1  1  1  0  0  0/0    22:05   4:12   0:10 
Dmitry Kulikov           0  1  1  -1  0   5  0  0  0  0  0/0    22:15   3:56   3:56 
Gabriel Landeskog        1  0  1  -1  0   6  0  0  0  0  1/3    18:41   3:41   0:00 
Jack Eichel              0  1  1  -1  0   3  0  0  0  0  10/24  19:35   3:41   0:00 
Jake Virtanen            0  0  0  -2  0   2  4  1  0  0  1/2    20:11   4:27   0:00 
Jason Chimera            0  0  0   0  0   4  0  0  0  0  0/2     8:46   0:00   0:00 
Jordin Tootoo            0  0  0   1  0   1  2  0  0  0  0/0     4:26   0:00   0:00 
Kevan Miller             1  1  2   2  0   1  2  0  0  0  0/0    19:36   3:56   3:51 
Luke Schenn              0  1  1   2  2   1  2  0  0  0  0/0    14:18   0:00   2:30 
Mark Arcobello           0  0  0   0  0   3  0  1  0  0  6/9    14:03   0:00   5:17 
Michael McCarron         0  1  1   0  0   2  2  0  0  0  10/17  12:27   3:41   0:00 
Scottie Upshall          0  0  0  -1  2   2  0  0  0  0  0/1    18:27   0:00   3:28 
Trevor Lewis             0  0  0   1  0   0  1  0  0  0  3/8     7:05   0:00   2:39 

3 Stars

1 - T.J. Oshie (NSH)
2 - Kevan Miller (CHI)
3 - Jaden Schwartz (NSH)

Power Play

Predators - 0 on 4 Attempt(s) - 0.00%
BlackHawks - 1 on 5 Attempt(s) - 20.00%

Penalty Kill

Predators - 4 on 5 Attempt(s) - 80.00% - Score 0 goal in Penalty Kill
BlackHawks - 4 on 4 Attempt(s) - 100.00% - Score 0 goal in Penalty Kill

Team Stat

Predators - Hits : 17 - Faceoff Wins : 52 - Blocked Shots : 10 - Penalty Minutes : 10
BlackHawks - Hits : 16 - Faceoff Wins : 44 - Blocked Shots : 3 - Penalty Minutes : 8

Official

Referees : Brad Meier and Chris Rooney
Linesman : Vaughan Rody and Scott Driscoll

Game Notes

No Game Note

Finance

Level 1 -- Attendance: 4480 (68.92%) -- Ticket Income $492,800
Level 2 -- Attendance: 5000 (100.00%) -- Ticket Income $375,000
Level 3 -- Attendance: 3343 (95.51%) -- Ticket Income $187,208
Level 4 -- Attendance: 2465 (66.32%) -- Ticket Income $98,600
Luxury Box -- Attendance: 976 (97.60%) -- Ticket Income $194,224
Game was played at the United Center.
Total Attendance: 16264 (82.49%)
Total Ticket Income: $1,347,832
Other Income: $202,175
Total Income: $1,550,007

% Time on Ice - Predators

Lines # - Real PCT - Wanted PCT - Time Play
Normal Forward
1 - 21% - 25% - 8:56
2 - 29% - 25% - 12:26
3 - 27% - 25% - 11:33
4 - 24% - 25% - 10:07
Normal Defense
1 - 40% - 40% - 17:21
2 - 36% - 35% - 15:22
3 - 22% - 15% - 9:17
4 - 2% - 10% - 1:02
PP Forward
1 - 49% - 60% - 3:55
2 - 51% - 40% - 4:01
PP Defense
1 - 51% - 60% - 4:01
2 - 49% - 40% - 3:55
PK Forward
1 - 69% - 60% - 5:38
2 - 31% - 40% - 2:30
PK Defense
1 - 54% - 60% - 4:23
2 - 46% - 40% - 3:45
PK3 Forward
1 - 0% - 60%
2 - 0% - 40%
PK3 Defense
1 - 0% - 60%
2 - 0% - 40%
44 Forward
1 - 0% - 60%
2 - 0% - 40%
44 Defense
1 - 0% - 60%
2 - 0% - 40%
Last Minute Offensive  - 0:00
Last Minute Defensive  - 0:54
Total
Forward - 60:00
Defense - 60:00

% Time on Ice - BlackHawks

Lines # - Real PCT - Wanted PCT - Time Play
Normal Forward
1 - 34% - 34% - 14:50
2 - 35% - 33% - 15:00
3 - 20% - 22% - 8:46
4 - 10% - 11% - 4:26
Normal Defense
1 - 39% - 37% - 16:50
2 - 33% - 34% - 14:23
3 - 27% - 29% - 11:49
4 - 0% - 0% - 0:00
PP Forward
1 - 55% - 55% - 4:27
2 - 45% - 45% - 3:41
PP Defense
1 - 52% - 55% - 4:12
2 - 48% - 45% - 3:56
PK Forward
1 - 67% - 55% - 5:17
2 - 33% - 45% - 2:39
PK Defense
1 - 46% - 50% - 3:41
2 - 54% - 50% - 4:15
PK3 Forward
1 - 0% - 50%
2 - 0% - 50%
PK3 Defense
1 - 0% - 55%
2 - 0% - 45%
44 Forward
1 - 0% - 55%
2 - 0% - 45%
44 Defense
1 - 0% - 55%
2 - 0% - 45%
Last Minute Offensive  - 0:54
Last Minute Defensive  - 0:00
Total
Forward - 60:00
Defense - 60:00

Play by Play

1st period


0:01 of 1st period - Nicklas Backstrom wins face-off versus Alex Galchenyuk in neutral zone.
0:28 of 1st period - Shot by Alex Galchenyuk.
0:28 of 1st period - Shot Misses the Net.
1:02 of 1st period - Shot by Jaden Schwartz.
1:02 of 1st period - Shot Blocked by Jake Virtanen.
1:04 of 1st period - Shot by Jaden Schwartz.
1:04 of 1st period - Shot Misses the Net.
1:06 of 1st period - Shot by Vincent Trocheck.
1:06 of 1st period - Stopped by Jonas Hiller without a rebound.
1:07 of 1st period - Jack Eichel wins face-off versus J.T. Miller in BlackHawks zone.
1:15 of 1st period - Beau Bennett is hit by Adam McQuaid and loses puck.
1:34 of 1st period - Shot by T.J. Oshie.
1:34 of 1st period - Stopped by Jonas Hiller without a rebound.
1:35 of 1st period - Vincent Trocheck wins face-off versus Michael McCarron in BlackHawks zone.
1:53 of 1st period - Shot by Vincent Trocheck.
1:53 of 1st period - Shot Misses the Net.
2:03 of 1st period - Shot by Mark Arcobello.
2:03 of 1st period - Shot Misses the Net.
2:05 of 1st period - Shot by Jason Chimera.
2:05 of 1st period - Stopped by Carter Hutton without a rebound.
2:06 of 1st period - Trevor Lewis wins face-off versus Jacob Josefson in Predators zone.
2:15 of 1st period - Shot by Trevor Lewis.
2:15 of 1st period - Shot Misses the Net.
3:02 of 1st period - Shot by Scottie Upshall.
3:02 of 1st period - Stopped by Carter Hutton without a rebound.
3:03 of 1st period - J.T. Miller wins face-off versus Jack Eichel in Predators zone.
3:16 of 1st period - Shot by Beau Bennett.
3:16 of 1st period - Goal by Beau Bennett - Predators : 1 - BlackHawks : 0.
3:17 of 1st period - Vincent Trocheck wins face-off versus Jason Chimera in neutral zone.
3:20 of 1st period - Shot by Jaden Schwartz.
3:20 of 1st period - Shot Misses the Net.
3:31 of 1st period - Shot by Vincent Trocheck.
3:31 of 1st period - Shot Misses the Net.
4:24 of 1st period - Icing by Aaron Ekblad.
4:25 of 1st period - J.T. Miller wins face-off versus Jack Eichel in BlackHawks zone.
4:48 of 1st period - Shot by T.J. Oshie.
4:48 of 1st period - Goal by T.J. Oshie - Predators : 2 - BlackHawks : 0.
4:49 of 1st period - Nicklas Backstrom wins face-off versus Alex Galchenyuk in neutral zone.
4:49 of 1st period - Max Pacioretty is hit by Jake Virtanen and loses puck.
5:07 of 1st period - Minor Penalty to Adam McQuaid for Hooking.
5:08 of 1st period - Nicklas Backstrom wins face-off versus Mark Arcobello in BlackHawks zone.
5:17 of 1st period - Shot by Zach Bogosian.
5:17 of 1st period - Stopped by Jonas Hiller without a rebound.
5:18 of 1st period - Mark Arcobello wins face-off versus Vincent Trocheck in BlackHawks zone.
5:35 of 1st period - Shot by John Moore.
5:35 of 1st period - Stopped by Jonas Hiller without a rebound.
5:36 of 1st period - Trevor Lewis wins face-off versus Nicklas Backstrom in BlackHawks zone.
5:36 of 1st period - Trevor Lewis is hit by T.J. Oshie.
5:52 of 1st period - Aaron Ekblad is hit by T.J. Oshie and loses puck.
6:07 of 1st period - Shot by Nicklas Backstrom.
6:07 of 1st period - Stopped by Jonas Hiller without a rebound.
6:08 of 1st period - Vincent Trocheck wins face-off versus Mark Arcobello in BlackHawks zone.
7:02 of 1st period - Scottie Upshall is hit by T.J. Oshie and loses puck.
7:52 of 1st period - Minor Penalty to Luke Schenn for Hooking.
7:53 of 1st period - Nicklas Backstrom wins face-off versus Trevor Lewis in BlackHawks zone.
7:54 of 1st period - Shot by T.J. Oshie.
7:54 of 1st period - Stopped by Jonas Hiller without a rebound.
7:55 of 1st period - Mark Arcobello wins face-off versus Nicklas Backstrom in BlackHawks zone.
7:59 of 1st period - Off-side.
8:00 of 1st period - Mark Arcobello wins face-off versus Nicklas Backstrom in neutral zone.
9:05 of 1st period - Aaron Ekblad is hit by Max Pacioretty and loses puck.
9:29 of 1st period - Icing by Vincent Trocheck.
9:30 of 1st period - Mark Arcobello wins face-off versus Vincent Trocheck in Predators zone.
9:50 of 1st period - Shot by Steven Stamkos.
9:50 of 1st period - Stopped by Jonas Hiller without a rebound.
9:51 of 1st period - Nicklas Backstrom wins face-off versus Mark Arcobello in BlackHawks zone.
9:52 of 1st period - Shot by T.J. Oshie.
9:52 of 1st period - Goal by T.J. Oshie - Predators : 3 - BlackHawks : 0.
9:53 of 1st period - Alex Galchenyuk wins face-off versus J.T. Miller in neutral zone.
10:06 of 1st period - Icing by Klas Dahlbeck.
10:07 of 1st period - Jack Eichel wins face-off versus J.T. Miller in Predators zone.
10:34 of 1st period - Shot by Jack Eichel.
10:34 of 1st period - Shot Misses the Net.
10:36 of 1st period - Shot by Gabriel Landeskog.
10:36 of 1st period - Stopped by Carter Hutton with a rebound.
10:38 of 1st period - Shot by Scottie Upshall.
10:38 of 1st period - Stopped by Carter Hutton without a rebound.
10:39 of 1st period - Alex Galchenyuk wins face-off versus Nicklas Backstrom in Predators zone.
10:45 of 1st period - Icing by Nicklas Backstrom.
10:46 of 1st period - Alex Galchenyuk wins face-off versus Nicklas Backstrom in Predators zone.
11:09 of 1st period - Shot by Artemi Panarin.
11:09 of 1st period - Stopped by Carter Hutton without a rebound.
11:10 of 1st period - Jack Eichel wins face-off versus Vincent Trocheck in Predators zone.
11:30 of 1st period - Jaden Schwartz is hit by Dion Phaneuf and loses puck.
11:33 of 1st period - Shot by Steven Stamkos.
11:33 of 1st period - Shot Misses the Net.
12:45 of 1st period - Nicklas Backstrom is hit by Luke Schenn and loses puck.
13:00 of 1st period - Shot by Mark Arcobello.
13:00 of 1st period - Stopped by Carter Hutton without a rebound.
13:01 of 1st period - J.T. Miller wins face-off versus Alex Galchenyuk in Predators zone.
13:20 of 1st period - Shot by Beau Bennett.
13:20 of 1st period - Shot Misses the Net.
13:22 of 1st period - Shot by John Moore.
13:22 of 1st period - Shot Misses the Net.
13:47 of 1st period - Icing by John Moore.
13:48 of 1st period - J.T. Miller wins face-off versus Trevor Lewis in Predators zone.
13:48 of 1st period - J.T. Miller is hit by Jordin Tootoo.
14:14 of 1st period - Shot by Antoine Roussel.
14:14 of 1st period - Goal by Antoine Roussel - Predators : 3 - BlackHawks : 1.
14:15 of 1st period - Jack Eichel wins face-off versus Nicklas Backstrom in neutral zone.
14:36 of 1st period - Shot by Max Pacioretty.
14:36 of 1st period - Stopped by Jonas Hiller without a rebound.
14:37 of 1st period - Vincent Trocheck wins face-off versus Alex Galchenyuk in BlackHawks zone.
14:38 of 1st period - Shot by Jaden Schwartz.
14:38 of 1st period - Shot Misses the Net.
14:42 of 1st period - Shot by Steven Stamkos.
14:42 of 1st period - Shot Misses the Net.
14:44 of 1st period - Shot by Jaden Schwartz.
14:44 of 1st period - Goal by Jaden Schwartz - Predators : 4 - BlackHawks : 1.
14:45 of 1st period - Michael McCarron wins face-off versus Jacob Josefson in neutral zone.
14:47 of 1st period - Aaron Ekblad is hit by Roman Josi and loses puck.
14:52 of 1st period - Shot by Jason Chimera.
14:52 of 1st period - Shot Blocked by Roman Josi.
14:54 of 1st period - Shot by Aaron Ekblad.
14:54 of 1st period - Shot Misses the Net.
15:02 of 1st period - Shot by Jason Chimera.
15:02 of 1st period - Shot Misses the Net.
15:05 of 1st period - Jason Chimera is hit by Roman Josi and loses puck.
15:25 of 1st period - Minor Penalty to Patrik Elias for Goalie Interference.
15:26 of 1st period - T.J. Oshie wins face-off versus Alex Galchenyuk in Predators zone.
15:32 of 1st period - Icing by Dmitry Kulikov.
15:33 of 1st period - Alex Galchenyuk wins face-off versus T.J. Oshie in BlackHawks zone.
16:15 of 1st period - Shot by Dmitry Kulikov.
16:15 of 1st period - Stopped by Carter Hutton without a rebound.
16:16 of 1st period - Michael McCarron wins face-off versus T.J. Oshie in Predators zone.
16:47 of 1st period - Shot by Dion Phaneuf.
16:47 of 1st period - Stopped by Carter Hutton with a rebound.
16:51 of 1st period - Shot by Aaron Ekblad.
16:51 of 1st period - Shot Blocked by Zach Bogosian.
17:01 of 1st period - Shot by Gabriel Landeskog.
17:01 of 1st period - Shot Misses the Net.
17:15 of 1st period - Shot by Kevan Miller.
17:15 of 1st period - Shot Misses the Net.
17:17 of 1st period - Shot by Dmitry Kulikov.
17:17 of 1st period - Stopped by Carter Hutton without a rebound.
17:18 of 1st period - T.J. Oshie wins face-off versus Alex Galchenyuk in Predators zone.
17:27 of 1st period - Kevin Hayes is hit by Jordin Tootoo and loses puck.
17:48 of 1st period - Nicklas Backstrom is hit by Trevor Lewis and loses puck.
17:55 of 1st period - Shot by Antoine Roussel.
17:55 of 1st period - Stopped by Carter Hutton without a rebound.
17:56 of 1st period - Alex Galchenyuk wins face-off versus J.T. Miller in Predators zone.
17:56 of 1st period - Artemi Panarin is hit by Connor Murphy and loses puck.
18:09 of 1st period - Jake Virtanen is hit by Beau Bennett and loses puck.
18:10 of 1st period - Minor Penalty to J.T. Miller for Boarding.
18:11 of 1st period - Jack Eichel wins face-off versus T.J. Oshie in Predators zone.
18:22 of 1st period - Shot by Aaron Ekblad.
18:22 of 1st period - Shot Misses the Net.
19:52 of 1st period - Shot by Artemi Panarin.
19:52 of 1st period - Deflect By Alex Galchenyuk.
19:52 of 1st period - Stopped by Carter Hutton without a rebound.
19:53 of 1st period - Artemi Panarin wins face-off versus T.J. Oshie in Predators zone.
Goals for this period are 4 for Predators vs 1 for BlackHawks.
Shots for this period are 12 for Predators vs 12 for BlackHawks.

2nd period


0:01 of 2nd period - T.J. Oshie wins face-off versus Alex Galchenyuk in neutral zone.
0:20 of 2nd period - Shot by Patrik Elias.
0:20 of 2nd period - Stopped by Jonas Hiller without a rebound.
0:21 of 2nd period - J.T. Miller wins face-off versus Alex Galchenyuk in BlackHawks zone.
1:01 of 2nd period - Shot by Alex Galchenyuk.
1:01 of 2nd period - Shot Blocked by T.J. Oshie.
2:18 of 2nd period - Shot by Steven Stamkos.
2:18 of 2nd period - Stopped by Jonas Hiller without a rebound.
2:19 of 2nd period - Jack Eichel wins face-off versus Vincent Trocheck in BlackHawks zone.
2:19 of 2nd period - Jack Eichel is hit by Vincent Trocheck.
2:29 of 2nd period - Dmitry Kulikov is hit by Vincent Trocheck.
2:57 of 2nd period - Shot by Jack Eichel.
2:57 of 2nd period - Stopped by Carter Hutton with a rebound.
2:59 of 2nd period - Shot by Dmitry Kulikov.
2:59 of 2nd period - Shot Misses the Net.
3:01 of 2nd period - Shot by Gabriel Landeskog.
3:01 of 2nd period - Stopped by Carter Hutton without a rebound.
3:02 of 2nd period - Michael McCarron wins face-off versus J.T. Miller in Predators zone.
3:23 of 2nd period - Shot by Mark Arcobello.
3:23 of 2nd period - Shot Misses the Net.
3:34 of 2nd period - Shot by Michael McCarron.
3:34 of 2nd period - Stopped by Carter Hutton with a rebound.
3:36 of 2nd period - Shot by Mark Arcobello.
3:36 of 2nd period - Stopped by Carter Hutton with a rebound.
3:53 of 2nd period - Icing by Jason Chimera.
3:54 of 2nd period - Nicklas Backstrom wins face-off versus Michael McCarron in BlackHawks zone.
4:35 of 2nd period - Off-side.
4:36 of 2nd period - Jack Eichel wins face-off versus Vincent Trocheck in neutral zone.
4:44 of 2nd period - Minor Penalty to Vincent Trocheck for Tripping.
4:45 of 2nd period - Alex Galchenyuk wins face-off versus T.J. Oshie in Predators zone.
4:45 of 2nd period - Artemi Panarin is hit by Klas Dahlbeck and loses puck.
5:40 of 2nd period - Shot by Jack Eichel.
5:40 of 2nd period - Stopped by Carter Hutton without a rebound.
5:41 of 2nd period - T.J. Oshie wins face-off versus Jack Eichel in Predators zone.
6:00 of 2nd period - Shot by T.J. Oshie.
6:00 of 2nd period - Shot Misses the Net.
6:03 of 2nd period - Icing by Dmitry Kulikov.
6:04 of 2nd period - Gabriel Landeskog wins face-off versus T.J. Oshie in BlackHawks zone.
6:41 of 2nd period - Klas Dahlbeck is hit by Jake Virtanen and loses puck.
7:15 of 2nd period - Shot by Kevin Hayes.
7:15 of 2nd period - Stopped by Jonas Hiller without a rebound.
7:16 of 2nd period - J.T. Miller wins face-off versus Jack Eichel in BlackHawks zone.
7:41 of 2nd period - Shot by Beau Bennett.
7:41 of 2nd period - Stopped by Jonas Hiller with a rebound.
7:43 of 2nd period - Shot by Connor Murphy.
7:43 of 2nd period - Shot Misses the Net.
7:57 of 2nd period - Shot by Gabriel Landeskog.
7:57 of 2nd period - Stopped by Carter Hutton with a rebound.
8:35 of 2nd period - Shot by Nicklas Backstrom.
8:35 of 2nd period - Deflect By Max Pacioretty.
8:35 of 2nd period - Stopped by Jonas Hiller without a rebound.
8:36 of 2nd period - Michael McCarron wins face-off versus Vincent Trocheck in BlackHawks zone.
8:43 of 2nd period - Shot by Jason Chimera.
8:43 of 2nd period - Stopped by Carter Hutton with a rebound.
8:55 of 2nd period - Shot by Vincent Trocheck.
8:55 of 2nd period - Stopped by Jonas Hiller with a rebound.
8:57 of 2nd period - Shot by Jaden Schwartz.
8:57 of 2nd period - Goal by Jaden Schwartz - Predators : 5 - BlackHawks : 1.
8:58 of 2nd period - Jacob Josefson wins face-off versus Alex Galchenyuk in neutral zone.
9:24 of 2nd period - Patrik Elias is hit by Kevan Miller.
9:42 of 2nd period - Shot by Patrik Elias.
9:42 of 2nd period - Stopped by Jonas Hiller without a rebound.
9:43 of 2nd period - Vincent Trocheck wins face-off versus Jack Eichel in BlackHawks zone.
10:12 of 2nd period - Shot by Jack Eichel.
10:12 of 2nd period - Stopped by Carter Hutton with a rebound.
10:14 of 2nd period - Shot by Gabriel Landeskog.
10:14 of 2nd period - Goal by Gabriel Landeskog - Predators : 5 - BlackHawks : 2.
10:15 of 2nd period - J.T. Miller wins face-off versus Michael McCarron in neutral zone.
10:28 of 2nd period - Shot by Jason Chimera.
10:28 of 2nd period - Stopped by Carter Hutton without a rebound.
10:29 of 2nd period - Nicklas Backstrom wins face-off versus Alex Galchenyuk in Predators zone.
10:29 of 2nd period - Nicklas Backstrom is hit by Jake Virtanen.
10:37 of 2nd period - Icing by Kevan Miller.
10:38 of 2nd period - Nicklas Backstrom wins face-off versus Alex Galchenyuk in BlackHawks zone.
10:54 of 2nd period - Max Pacioretty is hit by Luke Schenn and loses puck.
12:12 of 2nd period - Shot by Steven Stamkos.
12:12 of 2nd period - Deflect By Vincent Trocheck.
12:12 of 2nd period - Shot Misses the Net.
13:05 of 2nd period - Shot by Beau Bennett.
13:05 of 2nd period - Shot Misses the Net.
13:13 of 2nd period - Shot by T.J. Oshie.
13:13 of 2nd period - Stopped by Jonas Hiller without a rebound.
13:14 of 2nd period - Jacob Josefson wins face-off versus Alex Galchenyuk in BlackHawks zone.
13:33 of 2nd period - Shot by Kevin Hayes.
13:33 of 2nd period - Stopped by Jonas Hiller without a rebound.
13:34 of 2nd period - Michael McCarron wins face-off versus J.T. Miller in BlackHawks zone.
13:34 of 2nd period - Michael McCarron is hit by Beau Bennett.
13:35 of 2nd period - Minor Penalty to Beau Bennett for High sticking.
13:36 of 2nd period - Alex Galchenyuk wins face-off versus T.J. Oshie in Predators zone.
13:47 of 2nd period - Shot by Artemi Panarin.
13:47 of 2nd period - Goal by Artemi Panarin - Predators : 5 - BlackHawks : 3.
13:48 of 2nd period - Michael McCarron wins face-off versus J.T. Miller in neutral zone.
14:01 of 2nd period - Shot by Mark Arcobello.
14:01 of 2nd period - Stopped by Carter Hutton without a rebound.
14:02 of 2nd period - Vincent Trocheck wins face-off versus Alex Galchenyuk in Predators zone.
14:11 of 2nd period - Shot by Artemi Panarin.
14:11 of 2nd period - Shot Misses the Net.
15:15 of 2nd period - Shot by Gabriel Landeskog.
15:15 of 2nd period - Shot Blocked by Roman Josi.
15:17 of 2nd period - Shot by Gabriel Landeskog.
15:17 of 2nd period - Stopped by Carter Hutton with a rebound.
15:31 of 2nd period - Shot by Gabriel Landeskog.
15:31 of 2nd period - Shot Blocked by Oscar Klefbom.
15:33 of 2nd period - Shot by Gabriel Landeskog.
15:33 of 2nd period - Shot Misses the Net.
15:35 of 2nd period - Shot by Adam McQuaid.
15:35 of 2nd period - Shot Misses the Net.
15:37 of 2nd period - Shot by Gabriel Landeskog.
15:37 of 2nd period - Stopped by Carter Hutton without a rebound.
15:38 of 2nd period - J.T. Miller wins face-off versus Jason Chimera in Predators zone.
16:03 of 2nd period - Shot by Beau Bennett.
16:03 of 2nd period - Shot Misses the Net.
16:07 of 2nd period - Shot by J.T. Miller.
16:07 of 2nd period - Stopped by Jonas Hiller without a rebound.
16:08 of 2nd period - Vincent Trocheck wins face-off versus Jack Eichel in BlackHawks zone.
16:29 of 2nd period - Shot by Gabriel Landeskog.
16:29 of 2nd period - Shot Misses the Net.
16:37 of 2nd period - Shot by Jack Eichel.
16:37 of 2nd period - Shot Misses the Net.
16:58 of 2nd period - Icing by Dmitry Kulikov.
16:59 of 2nd period - Nicklas Backstrom wins face-off versus Gabriel Landeskog in BlackHawks zone.
16:59 of 2nd period - Nicklas Backstrom is hit by Adam McQuaid.
17:03 of 2nd period - Shot by Max Pacioretty.
17:03 of 2nd period - Stopped by Jonas Hiller without a rebound.
17:04 of 2nd period - Nicklas Backstrom wins face-off versus Alex Galchenyuk in BlackHawks zone.
17:24 of 2nd period - Dion Phaneuf is hit by Nicklas Backstrom and loses puck.
17:44 of 2nd period - Icing by Oscar Klefbom.
17:45 of 2nd period - Nicklas Backstrom wins face-off versus Michael McCarron in Predators zone.
17:51 of 2nd period - Icing by Roman Josi.
17:52 of 2nd period - Nicklas Backstrom wins face-off versus Michael McCarron in Predators zone.
17:57 of 2nd period - Max Pacioretty is hit by Michael McCarron and loses puck.
18:24 of 2nd period - Shot by Mark Arcobello.
18:24 of 2nd period - Shot Misses the Net.
18:26 of 2nd period - Shot by Dmitry Kulikov.
18:26 of 2nd period - Stopped by Carter Hutton with a rebound.
18:38 of 2nd period - Connor Murphy is hit by Michael McCarron and loses puck.
Goals for this period are 1 for Predators vs 2 for BlackHawks.
Shots for this period are 12 for Predators vs 15 for BlackHawks.

3rd period


0:01 of 3rd period - Alex Galchenyuk wins face-off versus Patrik Elias in neutral zone.
0:06 of 3rd period - Shot by Jake Virtanen.
0:06 of 3rd period - Shot Blocked by Roman Josi.
0:20 of 3rd period - Shot by Artemi Panarin.
0:20 of 3rd period - Shot Misses the Net.
0:22 of 3rd period - Shot by Alex Galchenyuk.
0:22 of 3rd period - Stopped by Carter Hutton without a rebound.
0:23 of 3rd period - Jack Eichel wins face-off versus J.T. Miller in Predators zone.
0:47 of 3rd period - Minor Penalty to Scottie Upshall for Hooking.
0:48 of 3rd period - Mark Arcobello wins face-off versus Vincent Trocheck in BlackHawks zone.
1:13 of 3rd period - Shot by Steven Stamkos.
1:13 of 3rd period - Stopped by Jonas Hiller without a rebound.
1:14 of 3rd period - Antoine Roussel wins face-off versus Nicklas Backstrom in BlackHawks zone.
1:23 of 3rd period - Shot by Antoine Roussel.
1:23 of 3rd period - Stopped by Carter Hutton with a rebound.
1:25 of 3rd period - Shot by Mark Arcobello.
1:25 of 3rd period - Shot Blocked by Oscar Klefbom.
1:27 of 3rd period - Shot by Dmitry Kulikov.
1:27 of 3rd period - Stopped by Carter Hutton without a rebound.
1:28 of 3rd period - Vincent Trocheck wins face-off versus Antoine Roussel in Predators zone.
1:54 of 3rd period - Shot by Steven Stamkos.
1:54 of 3rd period - Shot Misses the Net.
1:56 of 3rd period - Shot by Vincent Trocheck.
1:56 of 3rd period - Shot Hit the Post.
2:28 of 3rd period - Shot by T.J. Oshie.
2:28 of 3rd period - Stopped by Jonas Hiller with a rebound.
2:43 of 3rd period - Roman Josi is hit by Kevan Miller and loses puck.
3:09 of 3rd period - Icing by Gabriel Landeskog.
3:10 of 3rd period - T.J. Oshie wins face-off versus Jack Eichel in BlackHawks zone.
3:34 of 3rd period - Dion Phaneuf is hit by Klas Dahlbeck and loses puck.
4:20 of 3rd period - Off-side.
4:21 of 3rd period - Jake Virtanen wins face-off versus Vincent Trocheck in neutral zone.
4:32 of 3rd period - Shot by Artemi Panarin.
4:32 of 3rd period - Shot Misses the Net.
4:42 of 3rd period - Shot by Alex Galchenyuk.
4:42 of 3rd period - Deflect By Jake Virtanen.
4:42 of 3rd period - Shot Misses the Net.
4:44 of 3rd period - Shot by Adam McQuaid.
4:44 of 3rd period - Stopped by Carter Hutton without a rebound.
4:45 of 3rd period - Nicklas Backstrom wins face-off versus Trevor Lewis in Predators zone.
4:57 of 3rd period - Shot by Trevor Lewis.
4:57 of 3rd period - Shot Misses the Net.
5:01 of 3rd period - Shot by Antoine Roussel.
5:01 of 3rd period - Shot Misses the Net.
5:03 of 3rd period - Shot by Kevan Miller.
5:03 of 3rd period - Deflect By Jordin Tootoo.
5:03 of 3rd period - Shot Misses the Net.
5:05 of 3rd period - Shot by Luke Schenn.
5:05 of 3rd period - Stopped by Carter Hutton with a rebound.
5:49 of 3rd period - Shot by Alex Galchenyuk.
5:49 of 3rd period - Shot Misses the Net.
6:09 of 3rd period - Shot by Alex Galchenyuk.
6:09 of 3rd period - Shot Blocked by Steven Stamkos.
6:13 of 3rd period - Shot by Artemi Panarin.
6:13 of 3rd period - Deflect By Alex Galchenyuk.
6:13 of 3rd period - Shot Blocked by Zach Bogosian.
6:15 of 3rd period - Shot by Jake Virtanen.
6:15 of 3rd period - Stopped by Carter Hutton without a rebound.
6:16 of 3rd period - Michael McCarron wins face-off versus J.T. Miller in Predators zone.
6:27 of 3rd period - Shot by T.J. Oshie.
6:27 of 3rd period - Shot Misses the Net.
6:29 of 3rd period - Shot by T.J. Oshie.
6:29 of 3rd period - Shot Blocked by Dion Phaneuf.
6:38 of 3rd period - Icing by Dion Phaneuf.
6:39 of 3rd period - Michael McCarron wins face-off versus Jacob Josefson in BlackHawks zone.
6:39 of 3rd period - Michael McCarron is hit by Jacob Josefson.
6:44 of 3rd period - Off-side.
6:45 of 3rd period - Vincent Trocheck wins face-off versus Jack Eichel in neutral zone.
7:07 of 3rd period - Icing by Kevan Miller.
7:08 of 3rd period - Jacob Josefson wins face-off versus Jack Eichel in BlackHawks zone.
7:20 of 3rd period - Icing by Jacob Josefson.
7:21 of 3rd period - Jacob Josefson wins face-off versus Alex Galchenyuk in Predators zone.
7:21 of 3rd period - Jacob Josefson is hit by Jake Virtanen.
7:40 of 3rd period - Shot by Alex Galchenyuk.
7:40 of 3rd period - Stopped by Carter Hutton without a rebound.
7:41 of 3rd period - J.T. Miller wins face-off versus Michael McCarron in Predators zone.
8:20 of 3rd period - Icing by Zach Bogosian.
8:21 of 3rd period - Alex Galchenyuk wins face-off versus J.T. Miller in Predators zone.
8:26 of 3rd period - Shot by Artemi Panarin.
8:26 of 3rd period - Deflect By Alex Galchenyuk.
8:26 of 3rd period - Shot Misses the Net.
8:55 of 3rd period - Off-side.
8:56 of 3rd period - Jack Eichel wins face-off versus Vincent Trocheck in neutral zone.
9:06 of 3rd period - Shot by Vincent Trocheck.
9:06 of 3rd period - Stopped by Jonas Hiller without a rebound.
9:07 of 3rd period - Nicklas Backstrom wins face-off versus Michael McCarron in BlackHawks zone.
9:20 of 3rd period - Shot by Aaron Ekblad.
9:20 of 3rd period - Stopped by Carter Hutton without a rebound.
9:21 of 3rd period - Vincent Trocheck wins face-off versus Jake Virtanen in Predators zone.
9:34 of 3rd period - Shot by Jaden Schwartz.
9:34 of 3rd period - Shot Misses the Net.
9:56 of 3rd period - Shot by Alex Galchenyuk.
9:56 of 3rd period - Shot Misses the Net.
10:29 of 3rd period - Icing by Oscar Klefbom.
10:30 of 3rd period - Michael McCarron wins face-off versus Jacob Josefson in Predators zone.
10:41 of 3rd period - Shot by Mark Arcobello.
10:41 of 3rd period - Shot Blocked by Roman Josi.
11:05 of 3rd period - Shot by Jason Chimera.
11:05 of 3rd period - Stopped by Carter Hutton without a rebound.
11:06 of 3rd period - J.T. Miller wins face-off versus Gabriel Landeskog in Predators zone.
11:30 of 3rd period - Minor Penalty to Beau Bennett for High sticking.
11:31 of 3rd period - Alex Galchenyuk wins face-off versus T.J. Oshie in Predators zone.
12:38 of 3rd period - Shot by Aaron Ekblad.
12:38 of 3rd period - Shot Misses the Net.
12:40 of 3rd period - Shot by Michael McCarron.
12:40 of 3rd period - Stopped by Carter Hutton with a rebound.
13:34 of 3rd period - Shot by Artemi Panarin.
13:34 of 3rd period - Stopped by Carter Hutton without a rebound.
13:35 of 3rd period - Trevor Lewis wins face-off versus Nicklas Backstrom in Predators zone.
14:03 of 3rd period - Shot by Max Pacioretty.
14:03 of 3rd period - Stopped by Jonas Hiller without a rebound.
14:04 of 3rd period - Jacob Josefson wins face-off versus Jack Eichel in BlackHawks zone.
14:25 of 3rd period - Shot by Patrik Elias.
14:25 of 3rd period - Stopped by Jonas Hiller without a rebound.
14:26 of 3rd period - Alex Galchenyuk wins face-off versus Vincent Trocheck in BlackHawks zone.
14:31 of 3rd period - Shot by Alex Galchenyuk.
14:31 of 3rd period - Stopped by Carter Hutton with a rebound.
14:57 of 3rd period - Shot by Steven Stamkos.
14:57 of 3rd period - Stopped by Jonas Hiller without a rebound.
14:58 of 3rd period - J.T. Miller wins face-off versus Jack Eichel in BlackHawks zone.
15:25 of 3rd period - Icing by Dion Phaneuf.
15:26 of 3rd period - Nicklas Backstrom wins face-off versus Jack Eichel in BlackHawks zone.
15:32 of 3rd period - Minor Penalty to Dion Phaneuf for Slashing.
15:33 of 3rd period - Mark Arcobello wins face-off versus Nicklas Backstrom in BlackHawks zone.
16:15 of 3rd period - Icing by Oscar Klefbom.
16:16 of 3rd period - Nicklas Backstrom wins face-off versus Scottie Upshall in Predators zone.
16:31 of 3rd period - Luke Schenn is hit by Nicklas Backstrom and loses puck.
16:46 of 3rd period - Shot by Roman Josi.
16:46 of 3rd period - Stopped by Jonas Hiller with a rebound.
16:48 of 3rd period - Shot by Roman Josi.
16:48 of 3rd period - Shot Blocked by Mark Arcobello.
17:08 of 3rd period - Shot by Roman Josi.
17:08 of 3rd period - Shot Misses the Net.
17:22 of 3rd period - Shot by Vincent Trocheck.
17:22 of 3rd period - Stopped by Jonas Hiller without a rebound.
17:23 of 3rd period - Nicklas Backstrom wins face-off versus Trevor Lewis in BlackHawks zone.
17:40 of 3rd period - Shot by Jacob Josefson.
17:40 of 3rd period - Shot Misses the Net.
17:42 of 3rd period - Shot by Jacob Josefson.
17:42 of 3rd period - Stopped by Jonas Hiller without a rebound.
17:43 of 3rd period - Jacob Josefson wins face-off versus Trevor Lewis in BlackHawks zone.
17:58 of 3rd period - Shot by Jordin Tootoo.
17:58 of 3rd period - Stopped by Carter Hutton without a rebound.
17:59 of 3rd period - Vincent Trocheck wins face-off versus Alex Galchenyuk in Predators zone.
18:18 of 3rd period - Shot by Steven Stamkos.
18:18 of 3rd period - Shot Hit the Post.
18:43 of 3rd period - Shot by Artemi Panarin.
18:43 of 3rd period - Stopped by Carter Hutton without a rebound.
18:44 of 3rd period - Michael McCarron wins face-off versus Jacob Josefson in Predators zone.
18:45 of 3rd period - Shot by Luke Schenn.
18:45 of 3rd period - Shot Misses the Net.
18:47 of 3rd period - Shot by Kevan Miller.
18:47 of 3rd period - Goal by Kevan Miller - Predators : 5 - BlackHawks : 4.
18:48 of 3rd period - Jack Eichel wins face-off versus Jacob Josefson in neutral zone.
18:51 of 3rd period - BlackHawks, Jonas Hiller is pulled from the net.
18:57 of 3rd period - Shot by Jack Eichel.
18:57 of 3rd period - Shot Misses the Net.
19:03 of 3rd period - Shot by Scottie Upshall.
19:03 of 3rd period - Shot Misses the Net.
19:05 of 3rd period - Shot by Dmitry Kulikov.
19:05 of 3rd period - Stopped by Carter Hutton without a rebound.
19:06 of 3rd period - Vincent Trocheck wins face-off versus Jack Eichel in Predators zone.
19:22 of 3rd period - Dion Phaneuf is hit by Connor Murphy and loses puck.
19:27 of 3rd period - Shot by Artemi Panarin.
19:27 of 3rd period - Shot Misses the Net.
19:29 of 3rd period - Shot by Jake Virtanen.
19:29 of 3rd period - Stopped by Carter Hutton without a rebound.
19:30 of 3rd period - Vincent Trocheck wins face-off versus Jack Eichel in Predators zone.
19:58 of 3rd period - Shot by Vincent Trocheck.
19:58 of 3rd period - Shot Misses the Net.
Goals for this period are 0 for Predators vs 1 for BlackHawks.
Shots for this period are 9 for Predators vs 17 for BlackHawks.